[Event "Chess Festival Groningen 2023 | A"]
[Site "Groningen, Netherlands"]
[Date "2023.12.26"]
[Round "5.28"]
[White "Bakija, Alan"]
[Black "Grooten, Herman"]
[Result "0-1"]
[TimeControl "90min/40moves + 30min + 30sec/move"]
[WhiteElo "2010"]
[BlackElo "2243"]

1. c4 b6 2. d4 Bb7 3.
Nc3 e6 4. a3 f5 5. d5 Nf6 6. Nf3 Na6 7.
b4 g6 8.
Bf4 Bg7 9. Rc1 O-O 10. g3 Ne4 11. Be5 Bxe5 12. Nxe5 Nxc3 13. Rxc3 exd5 14. Bg2 c6 15. cxd5 c5 16. O-O Qf6 17.
Re3 Rfe8 18. Qb3 d6 19. Nc6 Rxe3 20. Qxe3 Nc7 21. bxc5 bxc5 22. Rb1 Ba6 23. Qd2 Qf7 24. h4 Ne8 25.
e3 Nf6 26. Qc3 Re8 27. Qa5 Bd3 28. Rd1 Bc4 29. Nd8 Qd7 30. Ne6 Bb3 31. Rb1 c4 32. Nd4 Rb8 33. Nxb3 cxb3 34. Qc3 Ng4 35.
Rxb3 Rxb3 36. Qxb3 Qc7 37. Qb2 Qa5 38. Qb4 Qc7 39. Qb2 Qa5 40. Qc1 Ne5 41. Qc8+ Kg7 42. Qb7+ Kf6 43. Qb4 Qxb4 44.
axb4 Nd3 45. b5 Nb4 46. f4 Na2 47. Bf1 Nc3 48. Kf2 Nxd5 49.
Kf3 Nc3 50. g4 d5 51. Bd3 Ne4 52. gxf5 gxf5 53. Kg2 Ke6 54. Kf1 Kd6 55. Ke1 Kc5 56. Bf1 h6 57. Bd3 Kb4 58. Bf1 Kc3 59.
Bh3 Kd3 60. Bxf5 Kxe3 61. Be6 d4 62. f5 d3 63. Bb3 d2+ 64.
Kf1 Ng3+ 65. Kg2 Nxf5 66. Kh3 Kf4 0-1

[Event "Chess Festival Groningen 2023 | A"]
[Site "Groningen, Netherlands"]
[Date "2023.12.26"]
[Round "5.29"]
[White "Van Der Leest, Bert"]
[Black "Francs, Marats"]
[Result "0-1"]
[TimeControl "90min/40moves + 30min + 30sec/move"]
[WhiteFideId "1009460"]
[WhiteElo "2142"]
[BlackElo "1990"]

1. e4 e5 2. Bc4 Nc6 3. Nf3 Bc5 4. O-O d6 5. c3 Nf6 6. d4 Bb6 7. dxe5 Nxe5 8. Nxe5 dxe5 9. Qxd8+ Kxd8 10. Bg5 Ke8 11. Nd2 Nd7 12.
Rfe1 Nf8 13. Nf1 f6 14. Be3 Be6 15. Bb3 Ke7 16. Bxb6 axb6 17. Ne3 g6 18. Nd5+ Bxd5 19. Bxd5 c6 20.
Bc4 Nd7 21. f3 Nc5 22. a3 Rhd8 23. Kf2 b5 24. Be2 Rd2 25. Reb1 Rad8 26. Ke1 Rc2 27. Rc1 Rxb2 28. c4 Rdd2 29.
Bf1 Nb3 30. Rd1 bxc4 31. Bxc4 Rxg2 32.
Rab1 Rg1+ 33. Bf1 Rxb1 34. Rxb1 Rxf1+ 0-1

[Event "Chess Festival Groningen 2023 | A"]
[Site "Groningen, Netherlands"]
[Date "2023.12.26"]
[Round "5.30"]
[White "Krasenkowa, Elena"]
[Black "Arnold, Rhys"]
[Result "0-1"]
[TimeControl "90min/40moves + 30min + 30sec/move"]
[WhiteElo "2109"]
[BlackElo "2053"]

1. d4 d5 2. Bf4 Nf6 3. e3 e6 4.
Nd2 c5 5. c3 Bd6 6. Ne2 O-O 7. g3 Nc6 8. Bxd6 Qxd6 9. Bg2 e5 10. dxc5 Qxc5 11. O-O Be6 12. b4 Qd6 13. Nb3 Rad8 14. Qc1 b6 15. Rd1 Qc7 16.
Qb2 h5 17. Rac1 Ne7 18. Nd2 h4 19. Nf3 h3 20. Bf1 Bg4 21. Ng5 Qc8 22. Qc2 e4 23. Re1 Nc6 24. b5 Ne5 25. Nd4 Rde8 26.
c4 dxc4 27. Bxc4 Nxc4 28. Qxc4 Qxc4 29. Rxc4 Re5 30. f4 exf3 31. Ngxf3 Bxf3 32. Nxf3 Rxb5 33. a4 Rb2 34. Ng5 Rd8 35. Rf1 Rg2+ 36. Kh1 g6 37. Nxh3 Rdd2 38. Rxf6 Rxh2+ 39. Kg1 Rxh3 40. Rf3 Rd7 41. Kg2 Rh5 42.
g4 Rc5 43. Re4 Kg7 44. Kg3 Rdc7 45. Rd4 Rc4 46. Rff4 Rxd4 47. Rxd4 Kf6 48. Kf4 g5+ 49. Ke4 Ke6 50. Rb4 Rc5 51.
Rd4 Re5+ 52. Kf3 Rd5 53. Rc4 Kd6 54. Ke4 Re5+ 55. Kf3 f6 56. Rd4+ Rd5 57. Rc4 Rc5 58. Rd4+ Kc6 59. Ke4 Re5+ 60.
Kf3 a5 61. Rc4+ Rc5 62. Re4 b5 63.
Re6+ Kd5 64. Rxf6 bxa4 65. Ke2 a3 66. Kd3 a2 67. Rf5+ Kc6 68. Rf1 Rb5 69. Ra1 Rb2 70. Kc4 Kd6 71.
Kd4 Ke6 72. Ke4 Rf2 73. Rd1 Rg2 74. Ra1 Rxg4+ 75. Kf3 Ra4 76. Kg3 Ke5 77. Kf3 Kf5 78. Kf2 Ke4 79. Ke2 Ra3 80. Kf2 Kd3 81. Kf3 Kc2 0-1

[Event "Chess Festival Groningen 2023 | A"]
[Site "Groningen, Netherlands"]
[Date "2023.12.26"]
[Round "5.31"]
[White "Van Rootselaar, Rik"]
[Black "Vijayakumar, Rishi"]
[Result "1/2-1/2"]
[TimeControl "90min/40moves + 30min + 30sec/move"]
[WhiteElo "2105"]
[BlackElo "2104"]

1. d4 Nf6 2. c4 e6 3. g3 d5 4. Bg2 Be7 5. Nf3 O-O 6. O-O dxc4 7. Qc2 a5 8. Nbd2 b5 9. b3 cxb3 10. Nxb3 Bb7 11. Bg5 Be4 12. Qb2 h6 13. Bxf6 Bxf6 14. Rfd1 Nd7 15. Rac1 Rb8 16. Ne5 Bxg2 17. Kxg2 Nb6 18. e4 Qe8 19. Nxa5 c5 20. dxc5 Nc4 21. Naxc4 bxc4 22. Qd4 Rd8 23. Qc3 Rxd1 24. Rxd1 Qa8 25. Re1 Rc8 26. Qd4 Qb8 27. f4 Bxe5 28. fxe5 Qb4 29. Rf1 Qxc5 30. Qxc5 Rxc5 31. Rc1 Ra5 32. Rc2 Ra3 33. h4 Re3 34. Rxc4 Re2+ 35. Kf3 Rxa2 36. Rc8+ Kh7 37. Rc7 Ra3+ 38. Kf2 Ra4 39. Kf3 Ra3+ 40. Kf2 Kg8 1/2-1/2

[Event "Chess Festival Groningen 2023 | A"]
[Site "Groningen, Netherlands"]
[Date "2023.12.26"]
[Round "5.32"]
[White "Mohtaat, Homayoun"]
[Black "Groenewoud, Joel"]
[Result "0-1"]
[TimeControl "90min/40moves + 30min + 30sec/move"]
[WhiteFideId "11701552"]
[WhiteElo "2013"]
[BlackElo "1997"]

1. d4 Nf6 2. Nc3 d5 3. Bf4 c5 4. e3 cxd4 5. exd4 Bg4 6. f3 Bd7 7. Bd3 Nc6 8. Nb5 Rc8 9.
c3 a6 10. Na3 e6 11. Nc2 Nh5 12. Be3 Bd6 13. Ne2 Qc7 14. Qd2
b5 15. g4 Nf6 16. h4 Na5 17. b3 Nc4 18. bxc4 bxc4 19. Bxh7 Rxh7 20. Bf4 Bxf4 21. Qxf4 Qxf4 22. Nxf4 g5 23. Ng2 gxh4 24.
Rxh4 Rxh4 25. Nxh4 Ke7 26. Rb1 Rh8 27. Rb6 Rxh4 28. Rxa6 Rh2 29.
Nb4 Ne8 30. Ra7 Kd8 31. a4 Nc7 32. a5 Kc8 33. a6 Bb5 34. Kf1
Rb2 35. Ke1 f6 36. f4 Rg2 37. g5 fxg5 38. fxg5 Rxg5 39. Kd2 Rg3 40. Kc2 Ba4+ 41. Kd2 Rh3 42. Rb7 Nxa6 0-1

[Event "Chess Festival Groningen 2023 | A"]
[Site "Groningen, Netherlands"]
[Date "2023.12.27"]
[Round "6.1"]
[White "Romanov, Evgeny"]
[Black "Kazakouski, Valery"]
[Result "1/2-1/2"]
[TimeControl "90min/40moves + 30min + 30sec/move"]
[WhiteElo "2561"]
[BlackElo "2586"]

1. e4 e5 2. Nf3 Nc6 3. Bb5 Bc5 4. c3 Nf6 5. d4 exd4 6. e5 Nd5 7. O-O Be7 8. Nxd4 O-O 9. Nf5 d6 10.
Bxc6 bxc6 11. Nxe7+ Nxe7 12. exd6 cxd6 13. Nd2 Bf5 14. Re1 Ng6 15. Nf3 c5 16. Bg5 Qb6 17. b3 Qc6 18. Nh4 Nxh4 19.
Bxh4 1/2-1/2

[Event "Chess Festival Groningen 2023 | A"]
[Site "Groningen, Netherlands"]
[Date "2023.12.27"]
[Round "6.2"]
[White "Aarav, Dengla"]
[Black "Tiviakov, Sergei"]
[Result "1/2-1/2"]
[TimeControl "90min/40moves + 30min + 30sec/move"]
[WhiteFideId "45059756"]
[WhiteElo "2382"]
[BlackElo "2536"]

1. e4 e6 2. d4 d5 3. Nd2 dxe4 4. Nxe4 Nd7 5. Nf3 Ngf6 6. Nxf6+ Nxf6 7. g3 Bd7 8. Ne5 Bc6 9. Nxc6 Qd5 10.
Rg1 Qxc6 11. Bg2 Qb6 12. c3 c6 13. Qb3 Qxb3 14. axb3 a6 15. Bg5 Be7 16. Bxf6 Bxf6 1/2-1/2

[Event "Chess Festival Groningen 2023 | A"]
[Site "Groningen, Netherlands"]
[Date "2023.12.27"]
[Round "6.3"]
[White "Panda, Sambit"]
[Black "Kanov, Nikola"]
[Result "1-0"]
[TimeControl "90min/40moves + 30min + 30sec/move"]
[WhiteFideId "25091794"]
[WhiteElo "2404"]
[BlackElo "2371"]

1. d4 Nf6 2. c4 e6 3. Nf3 b6 4. a3 Bb7 5. Nc3 d5 6. cxd5 Nxd5 7. e3 Be7 8. Bb5+ c6 9. Bd3 Nd7 10.
O-O Nxc3 11. bxc3 Qc7 12. Qe2 O-O 13. e4 c5 14. Bd2 Rfd8 15. a4 Nf8 16. h4 Bf6 17. Be3 Rac8 18. a5 c4 19.
Bc2 b5 20. a6 Bc6 21. e5 Be7 22. Ng5 f6 23. exf6 Bxf6 24. f4 Qe7 25. Ne4 Bxe4 26. Bxe4 b4 27. Bb7 Rc7 28. Ra4 bxc3 29.
Rxc4 Bxh4 30. Rc1 Rxc4 31. Qxc4 Bg3 32. f5 Kh8 33. Qxc3 exf5 34. Bf2 Bxf2+ 35. Kxf2 Ne6 36. Qe3 f4 37. Qe5 Qh4+ 38. Kg1 Nxd4 39.
Rd1 f3 40. gxf3 h6 41. Kg2 Nc2 42. Rd7 Rg8 43. Rd2 Ne1+ 44. Kg1 Rf8 45. Rd4 Qg5+ 46. Qxg5 hxg5 47. Kf2 Nxf3 48. Bxf3 Rf6 49.
Kg3 Rxa6 50. Kg4 Kg8 51. Rd7 Kf8 52. Kxg5 Ra5+ 53. Kg6 Ra6+ 54. Kg5 Ra5+ 55. Kg4 Ra4+ 56. Kf5 Ra5+ 57. Ke6 Ra6+ 58.
Ke5 Rf6 59. Be4 a6 60. Bf5 Rb6 61. Be6 Rb5+ 62. Bd5 Ra5 63. Ke6 g6 64. Kf6 Ke8 65. Rd6 1-0

[Event "Chess Festival Groningen 2023 | A"]
[Site "Groningen, Netherlands"]
[Date "2023.12.27"]
[Round "6.4"]
[White "Reinderman, Dimitri"]
[Black "De Winter, Arthur"]
[Result "1-0"]
[TimeControl "90min/40moves + 30min + 30sec/move"]
[WhiteElo "2580"]
[BlackElo "2405"]

1. c4 g6 2. e4 e5 3. Nc3 Bg7 4. Nge2 Nf6 5. g3 O-O 6. Bg2 c5 7. O-O d6 8. a3 Nc6 9. Rb1 a6 10.
b4 cxb4 11. axb4 b5 12. cxb5 axb5 13. d3 Rb8 14. h3 h6 15. Be3 Bd7 16. d4 exd4 17. Nxd4 Ne5 18. f4 Nc4 19. Bf2 Re8 20.
Qd3 Qc8 21. Rfc1 Bxh3 22. Ncxb5 Bxg2 23. Kxg2 Nxe4 24. Rxc4 Qg4 25. Rc2 h5 26. Nc7 Re7 27. Nc6 Rxc7 28. Qxe4 Rbc8 29. Ne7+ Rxe7 30. Rxc8+ 1-0

[Event "Chess Festival Groningen 2023 | A"]
[Site "Groningen, Netherlands"]
[Date "2023.12.27"]
[Round "6.5"]
[White "Kobo, Ori"]
[Black "Palchuk, Andrii"]
[Result "1/2-1/2"]
[TimeControl "90min/40moves + 30min + 30sec/move"]
[WhiteElo "2541"]
[BlackElo "2328"]

1. Nf3 Nf6 2. c4 e6 3. b3 b6 4. g3 Bb7 5. Bg2 Be7 6. Bb2 O-O 7. O-O c5 8. e3 d5 9. Qe2 Nc6 10.
d3 Qc7 11. Rd1 Rad8 12. Nc3 Qb8 13. cxd5 Nxd5 14. Nxd5 Rxd5 15. h4 Rd7 16. h5 h6 17. Nh2 Rfd8 18. Ng4 Qa8 19. f4 Nb4 20. Bxb7 Qxb7 21. Ne5 Rd5 22.
a3 Nc6 23. Ng4 Qd7 24. Nf2 Bf8 25. Bc3 b5 26. Rac1 Qb7 27. g4 a5 28. Ba1 a4 29. bxa4 bxa4 30. Rb1 Qa6 31. Qc2 c4 32.
Rdc1 Na5 33. dxc4 Rd2 34. Qxa4 Qa8 35. Bc3 Qf3 36. Bxd2 Rxd2 37. Rf1 Qg3+ 38. Kh1 Qh4+ 39. Kg1 Qg3+ 1/2-1/2

[Event "Chess Festival Groningen 2023 | A"]
[Site "Groningen, Netherlands"]
[Date "2023.12.27"]
[Round "6.6"]
[White "Stremavicius, Titas"]
[Black "Maatman, Nick"]
[Result "1/2-1/2"]
[TimeControl "90min/40moves + 30min + 30sec/move"]
[WhiteElo "2550"]
[BlackElo "2371"]

1. c4 c5 2. Nf3 Nc6 3. e3 Nf6 4. Nc3 e6 5. d4 d5 6. cxd5 exd5 7. Bb5 cxd4 8. exd4 Be7 9. Ne5 Bd7 10.
O-O O-O 11. Re1 a6 12. Ba4 Rc8 13. Bg5 Be6 14. Bxc6 bxc6 15. Na4 h6 16. Bxf6 Bxf6 17. Nc5 Re8 18. Rc1 Qb6 19. Qb3 Qxb3 20.
Nxb3 Bf5 21. f4 g5 22. Rf1 gxf4 23. Rxf4 Bxe5 24. Rxf5 Bg7 25. Kf1 Re4 26. Rxd5 Rf4+ 27. Kg1 Re8 28.
Rdc5 Bxd4+ 29. Nxd4 Rxd4 30. Rxc6 Re2 31. R6c2 Rd1+ 32. Rxd1 Rxc2 33. Rd8+ Kg7 34. Rb8 a5 35. a4 h5 36.
h4 f5 37. Rb5 Kg6 38. g3 Kf6 39. Kf1 Ke6 40. b3 Rc3 41. Kf2 Rd3 42. Rxa5 Rxb3 43. Rb5 Ra3 44. a5 Kf6 45. Kg2 Ke6 46.
Kf2 Kf6 47. Rb6+ Ke5 48. a6 Ke4 49. Re6+ Kd5 50. Re7 Rxa6 51. Kf3 Ra4 52. Rh7 Ke5 53. Rxh5 Ra3+ 54. Kg2 Kf6 55. Rh6+ Kg7 56.
Rd6 Rb3 57. Kf2 Ra3 58. Re6 Rb3 59. Re3 Rb6 60. g4 1/2-1/2

[Event "Chess Festival Groningen 2023 | A"]
[Site "Groningen, Netherlands"]
[Date "2023.12.27"]
[Round "6.7"]
[White "Lahaye, Rick"]
[Black "De Boer, Eelke"]
[Result "1-0"]
[TimeControl "90min/40moves + 30min + 30sec/move"]
[WhiteElo "2439"]
[BlackElo "2346"]

1. Nf3 Nf6 2. g3 g6 3. b3 Bg7 4. Bb2 O-O 5. Bg2 c5 6. c4 d6 7. d4 Nc6 8. Nc3 cxd4 9. Nxd4 Bd7 10.
O-O Qc8 11. Re1 Bh3 12. Bh1 Qd7 13. e3 Rac8 14. Rc1 Rfd8 15. Qd2 Qe8 16. Nde2 b6 17. Nf4 Bd7 18. Bg2 Ne5 19. Nfe2 Bh3 20.
Bh1 h5 21. Nd4 Bd7 22. Bg2 h4 23. gxh4 Qf8 24. f4 Nc6 25. Nd5 Nxd4 26. Bxd4 Nxd5 27. Bxd5 e6 28. Bf3 Bc6 29. Bxc6 Rxc6 30. h5 e5 31.
Qg2 d5 32. Bxe5 Bxe5 33. fxe5 Qh6 34. Rcd1 Qxh5 35. cxd5 Rc5 36. b4 Rc4 37. Rd4 Rxd4 38. exd4 Qh4 39. Re4 Qh6 40. d6 Qc1+ 41.
Qf1 Qd2 42. Qe1 Qg5+ 43. Qg3 Qc1+ 44. Re1 Qd2 45. Qh4 Rd7 46. a3 a5 47. b5 a4 48. Qe4 Kg7 49. Qe3 Qa2 50. e6 Qxe6 51.
Qxe6 fxe6 52. Rxe6 Kh6 53. Kf2 Kg5 54. h4+ Kf5 55. d5 Kf4 56. Ke2 Kf5 57. Ke3 Rd8 58. Kd3 Rd7 59. Kd4 Rh7 60.
Re4 Rd7 61. Re1 1-0

[Event "Chess Festival Groningen 2023 | A"]
[Site "Groningen, Netherlands"]
[Date "2023.12.27"]
[Round "6.8"]
[White "Kanyamarala, Tarun"]
[Black "Krasenkow, Michal"]
[Result "1/2-1/2"]
[TimeControl "90min/40moves + 30min + 30sec/move"]
[WhiteElo "2305"]
[BlackElo "2532"]

1. d4 d5 2. c4 e6 3. Nc3 c6 4. e4 dxe4 5. Nxe4 Bb4+ 6. Bd2 Qxd4 7. Bxb4 Qxe4+ 8. Ne2 Na6 9. Bf8 Ne7 10.
Bxg7 Rg8 11. Bc3 Nc5 12. Qd4 Qxd4 13. Bxd4 Nd7 14. Ng3 b6 15. Bd3 f5 16. O-O-O Bb7 17. Rhe1 Kf7 18. f3 c5 19.
Bc3 Rad8 20. Re2 Nf6 21. Rf2 Nc6 22. Bb1 Rxd1+ 23. Kxd1 Nd4 24. Ne2 Rd8 25. Nxd4 cxd4 26. Rd2 Nh5 27.
Rxd4 Rxd4+ 28. Bxd4 Nf4 29. g3 Bxf3+ 30. Kd2 Nh5 31. a4 Nf6 32. c5 bxc5 33. Bxc5 a6 34. Bd4 Bb7 35. Bd3 Ng4 36. h3 Nf6 37. Ke3 Nd5+ 38.
Kf2 Nf6 39. Be5 Nd7 40. Bd6 Kf6 41. b4 e5 42. b5 axb5 43. Bxb5 Ke6 44. Bxd7+ Kxd7 45. Bxe5 h5 46. Ke3 Bg2 47.
h4 Kc6 48. Kd4 Kb6 49. Kc4 Bf3 50. Kb4 Ka6 51. Bf4 Bg4 52. Be5 1/2-1/2

[Event "Chess Festival Groningen 2023 | A"]
[Site "Groningen, Netherlands"]
[Date "2023.12.27"]
[Round "6.9"]
[White "Kollen, Zyon"]
[Black "Kovchan, Alexander"]
[Result "1/2-1/2"]
[TimeControl "90min/40moves + 30min + 30sec/move"]
[WhiteElo "2318"]
[BlackElo "2491"]

1. e4 c5 2. Nf3 d6 3. d4 cxd4 4. Nxd4 Nf6 5. Nc3 a6 6. Be3 e5 7. Nb3 Be6 8. f3 h5 9. Qd2 Nbd7 10.
a4 Be7 11. Be2 O-O 12. O-O h4 13. Nd5 Bxd5 14. exd5 Nh5 15. Rfd1 f5 16. c4 f4 17. Bf2 h3 18. g4 fxg3 19.
hxg3 Bg5 20. Qc2 Qf6 21. Nd2 Qh6 22. Nf1 Rae8 23. Ra3 a5 24. Bd3 b6 25. Bf5 Nc5 26. Bxc5 bxc5 27. Be6+ Kh8 28.
Rb3 Rb8 29. Rxb8 Rxb8 30. Rd3 Rb4 31. Rb3 h2+ 32. Kh1 Bd8 33. Rxb4 cxb4 34. Qxh2 Bb6 35. g4 Nf4 36. Qxh6+ gxh6 37.
b3 Ne2 38. Bf5 Kg7 39. Bc2 Kf6 40. Nd2 Nc3 41. Ne4+ Nxe4 42. Bxe4 Kg5 43. Kg2 Kf4 44. Kf1 Ke3 45. Ke1 Kd4 46.
Kd2 Bd8 47. Kc2 Bg5 48. Bf5 Bd8 1/2-1/2

[Event "Chess Festival Groningen 2023 | A"]
[Site "Groningen, Netherlands"]
[Date "2023.12.27"]
[Round "6.10"]
[White "Nevednichy, Vladislav"]
[Black "Nagarkatte, Vedant"]
[Result "1-0"]
[TimeControl "90min/40moves + 30min + 30sec/move"]
[BlackFideId "25636227"]
[WhiteElo "2452"]
[BlackElo "2320"]

1. e4 e5 2. Nf3 Nc6 3. Bc4 Nf6 4. d3 d5 5. exd5 Nxd5 6. O-O Be7 7. Re1 f6 8. a4 Bg4 9. a5 a6 10.
c3 Qd7 11. h3 Bh5 12. Nxe5 Qf5 13. Ng4 O-O-O 14. d4 Rhe8 15. Nd2 Qd7 16. Qb3 Bxg4 17. hxg4 Nf4 18. Nf1 Qxg4 19. Bxf4 Qxf4 20.
Bf7 Rf8 21. Be6+ Kb8 22. Bd5 Rxd5 23. Qxd5 Bd6 24. b4 Ne7 25. Qe4 Qg5 26. c4 f5 27. Qf3 Bxb4 28. Rab1 Nc6 29. Rxb4 Nxb4 30. Rb1 Qe7 31. c5 1-0

[Event "Chess Festival Groningen 2023 | A"]
[Site "Groningen, Netherlands"]
[Date "2023.12.27"]
[Round "6.11"]
[White "Keuning, Selwin"]
[Black "Bulmaga, Irina"]
[Result "1/2-1/2"]
[TimeControl "90min/40moves + 30min + 30sec/move"]
[WhiteElo "2139"]
[BlackElo "2439"]

1. e4 c5 2. c3 d5 3. exd5 Qxd5 4. d4 Nf6 5. Nf3 e6 6. Na3 a6 7. Nc4 Nbd7 8. Be2 b5 9. Na5 Qd6 10.
a4 Qc7 11. dxc5 Bxc5 12. b4 Bb6 13. O-O O-O 14. axb5 axb5 15. Bxb5 Bb7 16. c4 Bxa5 17. bxa5 Nc5 18. Ra3 Rfd8 19.
Qe2 Be4 20. Be3 Ng4 21. g3 Nxe3 22. Qxe3 Bxf3 23. Qxf3 Rxa5 24. Rfa1 Rxa3 25.
Rxa3 g6 26. h4 h5 27. Ra8 Rxa8 28. Qxa8+ Kg7 29. Qf3 Qe5 30. Be8 Qc7 31. Bb5 Qd8 32. Qe3 Qd6 33. Kg2 e5 34. Qf3 Qd4 35.
Qe3 Qd6 36. Qf3 e4 37. Qe3 Qe5 38. Bc6 f5 39. Bd5 Qe7 40. Qa3 Qf8 41. Qa7+ Kh6 42. Bg8 Qxg8 43. Qxc5 Qa8 44. Kh2 Qd8 45.
Qe5 Kh7 46. c5 Qd2 47. Kg2 Qd3 48. Qd6 Qc3 49. c6 Qf3+ 50. Kg1 e3 51. fxe3 Qe2 52. Qc7+ Kg8 53. Qb8+ Kh7 54. Qb7+ Kh6 55.
c7 Qe1+ 56. Kh2 Qe2+ 57. Qg2 Qc4 58. Qb7 Qe2+ 59. Qg2 Qc4 60. Qb7 1/2-1/2

[Event "Chess Festival Groningen 2023 | A"]
[Site "Groningen, Netherlands"]
[Date "2023.12.27"]
[Round "6.12"]
[White "De Jong, Migchiel"]
[Black "Jin, Yueheng"]
[Result "0-1"]
[TimeControl "90min/40moves + 30min + 30sec/move"]
[WhiteElo "2301"]
[BlackElo "2398"]

1. e4 c5 2. Nf3 e6 3. g3 d5 4. exd5 exd5 5. d4 cxd4 6. Nxd4 Nc6 7. Bg2 Bc5 8. c3 Nxd4 9. cxd4 Bb4+ 10.
Nc3 Ne7 11. O-O Be6 12. Ne2 Bd6 13. Nf4 Bxf4 14. Bxf4 Nc6 15. Rc1 O-O 16. Rc5 Qd7 17. Qd2 Rfc8 18. Rfc1 Qd8 19. b4 a6 20.
h4 h6 21. a4 Ne7 22. Bc7 Qd7 23. b5 axb5 24. axb5 Ra4 25. b6 Nc6 26. Bf4 Rca8 27. Be3 Qd8 28. Rb1 R8a6 29. Qd1 Rb4 30. Rxb4 Nxb4 31. Rb5 Rxb6 32. Rxb6 Qxb6 33. Qb3 Qd6 34. Bd2 Nc6 35. Qb6 Qd7 36. Be3 Ne7 37. Bf1 Nf5 38. Bf4 Ne7 39. Bb5 Qc8 40.
Kh2 Ng6 41. Bc7 Nf8 42. Qd6 Bd7 43. Bd3 Bf5 44. Bf1 Qd7 45. Qb6 Ne6 46. Be5 Qc6 47. Qb4 Be4 48. Qd2 Qb6 49. Bh3 Qb1 50. Bg2 Bxg2 51. Kxg2 f6 52. Bf4 Qe4+ 53. f3 Qxd4 54.
Bxh6 gxh6 55. Qxh6 Nf8 56. h5 b5 57. g4 b4 0-1

[Event "Chess Festival Groningen 2023 | A"]
[Site "Groningen, Netherlands"]
[Date "2023.12.27"]
[Round "6.13"]
[White "Lambrechts, Koen"]
[Black "Stremavicius, Pijus"]
[Result "1-0"]
[TimeControl "90min/40moves + 30min + 30sec/move"]
[WhiteElo "2290"]
[BlackElo "2367"]

1. e4 e6 2. d4 d5 3. Nd2 c5 4. exd5 exd5 5. Ngf3 Nc6 6. Be2 Nf6 7. O-O Be6 8. dxc5 Bxc5 9. Nb3 Bb6 10.
Bg5 h6 11. Bh4 g5 12. Bg3 Ne4 13. Nfd4 Qf6 14. c3 h5 15. Bxh5 Nxd4 16. Nxd4 Bxd4 17. cxd4 Qh6 18. Qa4+ Bd7 19.
Bxf7+ Ke7 20. Qb3 Kxf7 21. Qxd5+ Qe6 22. Qxb7 Kg6 23. Be5 Nf6 24. f4 gxf4 25. Rxf4 Nd5 26. Rf3 Rhf8 27. Rg3+ Kh5 28. Rh3+ Kg6 29. Rg3+ Kh5 30. Qb3 Rf5 31.
Re1 Rg8 32. Qd1+ Kh6 33. Qd2+ Rfg5 34. Rxg5 1-0

[Event "Chess Festival Groningen 2023 | A"]
[Site "Groningen, Netherlands"]
[Date "2023.12.27"]
[Round "6.14"]
[White "Van Foreest, Machteld"]
[Black "Gomes, Mary Ann"]
[Result "0-1"]
[TimeControl "90min/40moves + 30min + 30sec/move"]
[WhiteElo "2344"]
[BlackElo "2332"]

1. e4 c5 2. Nf3 e6 3. d4 cxd4 4. Nxd4 a6 5. Bd3 Qc7 6. O-O Nf6 7. Qe2 d6 8. Be3 Nbd7 9. Nd2 Be7 10.
a4 b6 11. Rfc1 Bb7 12. c4 Nc5 13. f3 Nxd3 14. Qxd3 O-O 15. a5 bxa5 16. N2b3 a4 17. Rxa4 Nd7 18. Raa1 Rfc8 19. Na5 Rab8 20.
b4 Bf6 21. Qd2 Be5 22. Rab1 Ba8 23. b5 Bxd4 24. Bxd4 axb5 25. cxb5 Rxb5 26. Rxc7 Rxb1+ 27. Kf2 Rxc7 28. Bb2 h6 29. Kg3 d5 30. Nb3 dxe4 31. Qa5 Rc8 32. Qa2 Rd1 33. Nd4 Nc5 34. Qa5 exf3 35. gxf3 Rd3 36.
Kg2 e5 37. Nf5 Rxf3 38. Ne7+ Kh7 39. Kg1 Rb8 40. Qa7 Rd8 41. Qa1 Rfd3 42. Qa5 Rd1+ 43. Kf2 Nd3+ 0-1

[Event "Chess Festival Groningen 2023 | A"]
[Site "Groningen, Netherlands"]
[Date "2023.12.27"]
[Round "6.15"]
[White "Sanket, Chakravarty"]
[Black "Aashman, Gupta"]
[Result "1/2-1/2"]
[TimeControl "90min/40moves + 30min + 30sec/move"]
[WhiteFideId "25032038"]
[BlackFideId "45022500"]
[WhiteElo "2361"]
[BlackElo "2235"]

1. e4 e5 2. Nf3 Nc6 3. Bc4 Nf6 4. d3 Be7 5. O-O O-O 6. Nc3 d6 7. a4 Na5 8. Ba2 c5 9. Bg5 Nc6 10.
Bxf6 Bxf6 11. Nd5 Nb4 12. Nxb4 cxb4 13. a5 Qc7 14. Qd2 Bg4 15. Ne1 Qc5 16. Bd5 Rab8 17. a6 b5 18. h3 Be6 19.
d4 Qb6 20. dxe5 Bxe5 21. Qxb4 Rbc8 22. Bxe6 fxe6 23. Qb3 Rc4 24. Nf3 Bf4 25. c3 e5 26.
Qd1 Qc6 27. Ra5 Kh8 28. Qd3 Rd8 29. g3 Qb6 30. b4 d5 31. gxf4 dxe4 32. Qe3 Qxe3 33. fxe3 exf3 34. fxe5 Rxc3 35.
Rxf3 h6 36. Rxb5 Rd2 37. e6 Rc1+ 38. Rf1 Rcc2 39. Rf8+ Kh7 40. e7 Rd1+ 41. Rf1 Rdd2 42. Rf2 Rxf2 43. e8=Q 1/2-1/2

[Event "Chess Festival Groningen 2023 | A"]
[Site "Groningen, Netherlands"]
[Date "2023.12.27"]
[Round "6.16"]
[White "Nicolai, Amir"]
[Black "Beerdsen, Thomas"]
[Result "0-1"]
[TimeControl "90min/40moves + 30min + 30sec/move"]
[WhiteElo "2156"]
[BlackElo "2511"]

1. d4 d5 2. c4 c6 3. cxd5 cxd5 4. Bf4 Nc6 5. e3 Nf6 6. Nc3 Bf5 7. Nf3 e6 8. Qb3 Bb4 9. Ne5 Qa5 10.
a3 Bxc3+ 11. bxc3 Nxe5 12. Bxe5 Ne4 13. Rc1 f6 14. Bf4 Rc8 15. f3 Nxc3 16. Kf2 O-O 17. Bd6 Na2 18. Rxc8 Rxc8 19.
Qxb7 Rc2+ 20. Be2 h6 21. Re1 Bd3 22. Qd7 Qd2 23. Qxe6+ Kh7 24. Bf8 Qxe1+ 25. Kxe1 Rxe2+ 26. Kd1 Nc3+ 27.
Kc1 Rc2# 0-1

[Event "Chess Festival Groningen 2023 | A"]
[Site "Groningen, Netherlands"]
[Date "2023.12.27"]
[Round "6.17"]
[White "Toktomushev, Teimur"]
[Black "Elgersma, Onno"]
[Result "1/2-1/2"]
[TimeControl "90min/40moves + 30min + 30sec/move"]
[WhiteElo "2249"]
[BlackElo "2310"]

1. d4 Nf6 2. c4 e6 3. Nf3 Bb4+ 4. Bd2 a5 5. g3 d5 6. Bg2 O-O 7. Qc2 c5 8. cxd5 cxd4 9. Nxd4 Qb6 10. e3 exd5 11. O-O Nc6 12.
Nxc6 bxc6 13. Rc1 Be6 14. Qxc6 Bxd2 15. Nxd2 Qxb2 16. Qc3 Rfb8 17. Nb3 Qxc3 18. Rxc3 h5 19. h3 a4 20. Nd4 Rb2 21.
a3 Rab8 22. Rac1 Ra2 23. R1c2 Rb1+ 24. Kh2 Raa1 25. Nxe6 fxe6 26. Rc7 Kh7 27. Ra7 Rc1 28.
Rxc1 Rxc1 29. Rxa4 Ra1 30. Bf3 e5 31. g4 hxg4 32. Bxg4 Kg6 33. Be6 Ra2 34. Kg1 Rd2 35. Ra5 d4 36.
Kf1 d3 37. Rxe5 Rd1+ 38. Kg2 d2 39. Bb3 Rc1 40. Kf3 1/2-1/2

[Event "Chess Festival Groningen 2023 | A"]
[Site "Groningen, Netherlands"]
[Date "2023.12.27"]
[Round "6.18"]
[White "Adamovics, Aleksejs"]
[Black "Slagboom, Leandro"]
[Result "0-1"]
[TimeControl "90min/40moves + 30min + 30sec/move"]
[WhiteElo "2015"]
[BlackElo "2304"]

1. c4 e6 2. Nc3 d5 3. d4 Nf6 4. cxd5 exd5 5. Bg5 c6 6. e3 Be6 7. Bd3 Nbd7 8. Nge2 h6 9. Bh4 g5 10.
Bg3 Nh5 11. O-O Nxg3 12. Nxg3 h5 13. e4 dxe4 14. Ngxe4 Qe7 15. Qd2 Bh6 16. Rad1 O-O-O 17. b4 Nb6 18. b5 Rxd4 19. bxc6 Rhd8 20.
cxb7+ Kxb7 21. Qe2 g4 22. Nb5 R4d7 23. Qc2 Bf8 24. a4 a5 25. Rfe1 Nd5 26. Nec3 Nb4 27. Be4+ Kb6 28. Qe2 Rxd1 29.
Rxd1 Rxd1+ 30. Qxd1 Qd7 31. Qe2 Bc5 32. g3 Nc6 33. Bxc6 Qxc6 34. Qe5 Kb7 35. Ne4 Bb6 36. Ned6+ Ka6 37.
Qe1 Bc5 38. Ne4 Bb6 39. Ned6 Bc5 40. Ne4 Bd5 41. Nbc3 Bb4 42. Qe2+ Qc4 43. Qe3 Bc6 44. Nb5 Bxb5 45. axb5+ Qxb5 46.
Qc1 Kb7 47. Qf4 Qd5 48. Ng5 Bd2 49. Qxf7+ Qxf7 50. Nxf7 Kc6 51. Ne5+ Kb5 52. Nf7 a4 53. Nd6+ Kb4 54. Nf5 Bc3 55.
Ne3 Kb3 0-1

[Event "Chess Festival Groningen 2023 | A"]
[Site "Groningen, Netherlands"]
[Date "2023.12.27"]
[Round "6.19"]
[White "Boeren, Jurriaan"]
[Black "Jaiveer, Mahendru"]
[Result "1/2-1/2"]
[TimeControl "90min/40moves + 30min + 30sec/move"]
[BlackFideId "25611151"]
[WhiteElo "2102"]
[BlackElo "2294"]

1. e4 e5 2. Nf3 Nc6 3. Bb5 a6 4. Ba4 Nf6 5. O-O Nxe4 6. d4 b5 7. Bb3 d5 8. dxe5
Be6 9. Qe2 Be7 10. Rd1 O-O 11. c4 bxc4 12. Bxc4 Bc5 13. Be3 Bxe3 14. Qxe3 Qb8
15. Bb3 Na5 16. Nbd2 Qa7 17. Qxa7 Rxa7 18. Nxe4 Nxb3 19. axb3 dxe4 20. Nd4 Rb7
21. Rxa6 Bxb3 22. Nxb3 Rxb3 23. Rc6 Rxb2 24. Rxc7 h5 25. h4 e3 26. fxe3 Re2 27.
Rdd7 Rxe3 28. Re7 Re4 29. g3 Re2 30. Kf1 Rb2 31. e6 1/2-1/2